cohdb
Replays
Latest Replays
All Replays
Popular Replays
Top Player Replays
Match Explorer
How It Works
Community
CoH3 Stats
Reddit
Sign in to upload your games and track your stats! →
Sign in with Steam
Match 46842375
Unlisted
Match 46842375
Overview
Messages
Build Orders
End
Vickers Machine Gun Team
Construct Section Command Post
Infantry Section
Grenade Package
Infantry Section
Infantry Section
Infantry Section
Construct Platoon Command Post
CMP 15cwt Truck
6-pounder Anti-tank Gun Team
6-pounder Anti-tank Gun Team
Construct Company Command Post
Unlock M3 Grant Medium Tanks
Foot Guards Section
M3 Grant Medium Tank
Royal Engineer Section
Infantry Section
M3 Grant Medium Tank
Royal Engineer Section
[PD] PragerSchinken
KрепкийOрешек
Riffraffle
Carecup
[PD]Folscher
Apache
[PD] [9C] [FT] Claudius Tacitus
Nico-Nico-Nii~~
0
0
Comments
sign in to comment!
No comments posted yet!